 Dungeon Crawl Stone Soup version 0.30.0-30-g96aa6591b8 (webtiles) character file.

Game seed: 16067710842490976911

149 fumungo the Covered (level 5, -7/47 HPs)
             Began as a Minotaur Fighter on June 27, 2023.
             Splashed by a jelly's acid (10 damage)
             ... on level 2 of the Dungeon.
             The game lasted 00:02:04 (1595 turns).

fumungo the Covered (Minotaur Fighter)              Turns: 1595, Time: 00:02:06

Health: -7/47      AC: -3    Str: 22    XL:     5   Next: 9%
Magic:  4/4        EV:  9    Int:  5    God:
Gold:   54         SH:  4    Dex: 10    Spells: 4/4 levels left

rFire   . . .        h - +0 hand axe
rCold   . . .        c - +0 buckler
rNeg    . . .        b - +0 scale mail
rPois   .            (helmet restricted)
rElec   .            (no cloak)
rCorr   .            (no gloves)
SInv    .            g - +0 pair of boots
Will    .....        (no amulet) Stlth
                     (no ring)
HPRegen 0.27/turn    (no ring)
MPRegen 0.09/turn

%: no passive effects
@: corroded
A: horns 2, retaliatory headbutt
a: no special abilities


You were on level 2 of the Dungeon.
You visited 1 branch of the dungeon, and saw 2 of its levels.

You collected 54 gold pieces.

Inventory:

Hand Weapons
 a - a +0 war axe
 h - a +0 hand axe (weapon)
Armour
 b - a +0 scale mail (worn)
 c - a +0 buckler (worn)
 g - a +0 pair of boots (worn)
Jewellery
 f - a ring of magical power
Wands
 j - a wand of flame (17)
Scrolls
 l - a scroll of identify {unknown}
 n - a scroll of enchant weapon {unknown}
Potions
 d - a potion of might
 e - a potion of haste
 i - a potion of resistance {unknown}
 k - a potion of curing {unknown}
 m - 2 potions of degeneration {unknown}


   Skills:
 + Level 4.4 Fighting
 + Level 4.4 Axes
 + Level 4.8 Armour
 + Level 0.3 Dodging
 + Level 4.2 Shields


You had 4 spell levels left.
You didn't know any spells.
Your spell library was empty.

Dungeon Overview and Level Annotations

Branches:
Dungeon (2/15)

Altars:

Shops:
D:1 (


Innate Abilities, Weirdness & Mutations

You have a pair of horns on your head.
You reflexively headbutt those who attack you in melee.


Message History

You are too injured to fight recklessly!
Unknown command.
Unknown command.
You are too injured to fight recklessly!
Unknown command.
You are too injured to fight recklessly!
Unknown command.
You are too injured to fight recklessly!
Unknown command.
You are too injured to fight recklessly!
The endoplasm attacks as you move away! You block the endoplasm's attack.
Things that are here:
a +0 whip; a kobold corpse You hit the jelly.
Your hands burn!
The jelly is almost dead.
The jelly closely misses you. You furiously retaliate!
You headbutt the jelly.
You kill the jelly!
Your Axes skill increases to level 4!
You have reached level 5!
The endoplasm freezes you.
You are frozen.
Things that are here:
a +0 whip; a kobold corpse You hit the endoplasm.
The endoplasm is moderately wounded.
The endoplasm freezes you.
You are frozen.
* * * LOW HITPOINT WARNING * * *
You hit the jelly but do no damage.
Your hands burn!
* * * LOW HITPOINT WARNING * * *
You hit the jelly but do no damage.
Your hands burn!
* * * LOW HITPOINT WARNING * * *
The jelly barely misses you.
You hit the jelly.
Your hands burn!
* * * LOW HITPOINT WARNING * * *
The jelly is lightly wounded.
The jelly hits you.
* * * LOW HITPOINT WARNING * * *
The acid corrodes you!
You are splashed with acid!
You die...

.#.......# ##..)))##
.##.# .#.#.###.#
#.......# # #..
......##.# #.......#
###
.#.#..##.#####.......#
.#..........##.......#
.###..###########....#
.###..# ##..'....#
......# #.########
.####.# ##..@JJJ## .#
#.# #######J# .# #.#
....JJ..J# .####.#
....J....# ......#
.....P.P.# #####.#
...÷÷P.÷.# #.#
.........# #.#
$....÷÷..# #..
##########


You could see a jelly and 3 endoplasms.

Vanquished Creatures
  2 jellies (D:2)
  Terence (D:2)
  2 adders (D:2)
  A worm (D:2)
  3 ball pythons
  11 endoplasms
  A giant cockroach (D:1)
  A goblin (D:2)
  3 hobgoblins (D:1)
  2 quokkas (D:1)
  2 bats (D:1)
  3 frilled lizards
  9 kobolds
  5 rats
46 creatures vanquished.

Notes
Turn   | Place    | Note
-------+----------+-------------------------------------------
     0 | D:1      | fumungo the Minotaur Fighter began the quest for the Orb.
     0 | D:1      | Reached XP level 1. HP: 19/19 MP: 0/0
   113 | D:1      | Found Miaj's Antique Weapon Shoppe.
   225 | D:1      | Reached XP level 2. HP: 15/27 MP: 1/1
  1150 | D:2      | Reached XP level 3. HP: 33/33 MP: 2/2
  1241 | D:2      | Noticed Terence
  1243 | D:2      | Killed Terence
  1325 | D:2      | Reached XP level 4. HP: 15/40 MP: 3/3
  1591 | D:2      | Reached XP level 5. HP: 19/47 MP: 4/4
  1595 | D:2      | Splashed by a jelly's acid

Illustrated notes

Levels and vault maps discovered:
D:1:      amcnicky_arrival_underground_garden, layout_basic, serial_shops,
          nicolae_shop_rolling_square
D:2:      cheibrodos_fertilizer, layout_loops_ring, grunt_decor_resistance,
          uniq_terence

Skill      XL: |  1  2  3  4 |
---------------+-------------+-----
Armour         | 4 |  4.8
Fighting       | 4 |  4.4
Shields        | 4 |  4.2
Axes           | 3 4 |  4.4
Dodging        | |  0.3

Action                     |  1- 3 |  4- 6 || total
---------------------------+-------+-------++-------
  Melee: War axe           |    25 |       ||    25
         Headbutt          |    10 |     3 ||    13
         Hand axe          |    40 |    31 ||    71
    Use: Potion            |     1 |       ||     1
 Armour: Scale mail        |    23 |    11 ||    34
  Dodge: Dodged            |    18 |    19 ||    37
  Block: Buckler           |    11 |     8 ||    19
